 Dungeon Crawl Stone Soup version 0.24-a0-342-gad4687c37d (webtiles) character file.

Game seed: 15120301106717569470

12807 tsouns the Unseen (level 11, -5/58 HPs)
             Began as a Spriggan Assassin on May 21, 2019.
             Was an Initiate of Gozag.
             Killed by divine providence
             ... invoked by an orc priest
              (13 damage)
             ... on level 10 of the Dungeon.
             The game lasted 00:45:19 (13591 turns).

tsouns the Unseen (Spriggan Assassin)              Turns: 13591, Time: 00:45:19

Health: -5/58      AC:  6    Str:  7    XL:     11   Next: 67%
Magic:  22/28      EV: 32    Int: 16    God:    Gozag
Gold:   1371       SH:  0    Dex: 18    Spells: 11/20 levels left

rFire    + . .     SeeInvis +   d - +3 dagger (holy)
rCold    . . .     Gourm    .   (shield restricted)
rNeg     . . .     Faith    .   I - +1 robe {rF+}
rPois    .         Spirit   .   (helmet restricted)
rElec    .         Reflect  .   c - +2 cloak
rCorr    .         Harm     .   (gloves unavailable)
MR       +....                  (boots unavailable)
Stlth    ++++++....             k - amulet of the acrobat
HPRegen  0.19/turn              n - ring of wizardry
MPRegen  0.21/turn              p - ring of magical power

@: acrobat, studying Ice Magic, very quick
A: very small, unfitting armour, see invisible, herbivore, speed 3, slow
metabolism 2
a: Potion Petition, Call Merchant, Bribe Branch, Renounce Religion


You were on level 10 of the Dungeon.
You worshipped Gozag.
Gozag was most pleased with you.
You were not hungry.

You visited 2 branches of the dungeon, and saw 11 of its levels.
You also visited: Bailey.

You collected 1531 gold pieces.
You paid 160 gold pieces to Gozag.

Inventory:

Hand Weapons
 a - a +2 dagger
 d - a +3 dagger of holy wrath (weapon)
 e - a +0 rapier
Missiles
 r - 8 poisoned darts (quivered)
 F - 8 curare-tipped darts
Armour
 c - a +2 cloak (worn)
 I - a +1 robe of fire resistance (worn)
Jewellery
 j - an uncursed amulet of guardian spirit
 k - an amulet of the acrobat (around neck)
 n - a ring of wizardry (left hand)
 p - a ring of magical power (right hand)
Wands
 m - a wand of disintegration (11)
 s - a wand of random effects (40)
 E - a wand of flame (35)
 G - a wand of polymorph (7)
 J - a wand of iceblast (4)
Scrolls
 g - a scroll of fear
 h - 5 scrolls of remove curse
 q - 3 scrolls of enchant weapon
 t - 2 scrolls of silence
 x - 2 scrolls of amnesia
 y - 2 scrolls of teleportation
 z - a scroll of identify
 A - 2 scrolls of blinking
 B - 2 scrolls of fog
Potions
 i - 2 potions of ambrosia
 l - a potion of might
 u - a potion of brilliance
 v - a potion of mutation
 w - 2 potions of flight
 C - a potion of resistance
 D - a potion of magic
 H - a potion of heal wounds
 K - a potion of agility
Books
 o - a manual of Ice Magic
Comestibles
 f - 14 rations


   Skills:
 + Level 7.6 Fighting
 - Level 10.0 Short Blades
 - Level 7.8 Throwing
 - Level 1.5 Dodging
 + Level 15.7 Stealth
 + Level 5.0 Spellcasting
 - Level 2.2 Conjurations
 - Level 2.4 Fire Magic


You had 11 spell levels left.
You knew the following spells:

 Your Spells              Type           Power        Failure   Level  Hunger
a - Conjure Flame         Conj/Fire      ##......     7%          3    ###....
b - Sticky Flame          Conj/Fire      ##......     22%         4    ####...
c - Poisonous Vapours     Pois/Air       #.....       9%          2    #......

Your spell library contained the following spells:

 Spells                   Type           Power        Failure   Level  Hunger
 Flame Tongue             Conj/Fire      ##...        2%          1    None
 Magic Dart               Conj           ##..         2%          1    None
 Searing Ray              Conj           ##....       3%          2    #......
 Throw Flame              Conj/Fire      ##....       3%          2    #......
 Sting                    Conj/Pois      #...         4%          1    None
 Dazzling Spray           Conj/Hex       #.....       12%         3    ###....
 Inner Flame              Hex/Fire       #.......     12%         3    ###....
 Mephitic Cloud           Conj/Pois/Air  #.......     13%         3    ###....
 Iskenderun's Mystic Bla  Conj           ##......     24%         4    ####...
 Force Lance              Conj/Tloc      #.......     34%         4    ####...
 Fulminant Prism          Conj/Hex       #.........   34%         4    ####...
 Olgreb's Toxic Radiance  Pois           #.......     50%         4    ####...
 Fireball                 Conj/Fire      ##........   52%         5    ######.
 Venom Bolt               Conj/Pois      #.........   69%         5    ######.


Dungeon Overview and Level Annotations

Branches:
Dungeon (10/15)            Temple (1/1) D:7            Lair (0/6) D:10
    Orc (0/2) D:9

Altars:
Ashenzari
Cheibriados
Dithmenos
Elyvilon
Fedhas
Gozag
Hepliaklqana
Kikubaaqudgha
Makhleb
Nemelex Xobeh
Okawaru
Qazlal
Ru
Sif Muna
Trog
Uskayaw
Vehumet
Wu Jian
Xom
Yredelemnul
Zin
The Shining One


Innate Abilities, Weirdness & Mutations

You are very small and have problems with some larger weapons.
You are too small for most types of armour.
You have supernaturally acute eyesight. (SInv)
You are a herbivore.
You cover ground extremely quickly.
You need to consume almost no food.


Message History

You hear a bellow!
Casting: Poisonous Vapours (safe; 9% risk of failure)
Confirm with . or Enter, or press ? or * to list all spells.
Aiming: Poisonous Vapours (safe; 9% risk of failure)
Press: ? - help, Dir - move target cursor, f - orc wizard, p - orc priest
Aim: an orc wizard, wielding a +0 dagger and wearing a +0 robe Poisonous vapours surround the orc wizard!
The orc wizard is engulfed in poison gas.
The orc wizard is poisoned.
The orc misses you.
The orc priest invokes the aid of Beogh against you.
Beogh smites you!
A yak comes into view.
The orc priest miscasts a cantrip.
The orc priest calls down the wrath of Beogh upon you.
Beogh smites you!
* * * LOW HITPOINT WARNING * * *
The orc priest calls down the wrath of Beogh upon you.
Beogh smites you!
You die...
Your body crumbles into a pile of gold.

#.....# #....Y.
#....oo # .$..o##
....## #.o#o. .♣...♣.#
#..#Y# ....PP..##..#$#
P...........#o#.#.#.
.......♣.<$.@........
.P.PP.......#####..##
.....(......# #
..>PP.P.....# #
.♣PP...P...# ..#
..(.P..P.P..#######..#
.......P.#....[).....#
.....♣......########.#
........##..#


You could see 2 yaks, 2 orc priests, an orc wizard and 3 orcs.

Vanquished Creatures
  2 two-headed ogres
  A deep elf archer (Bailey)
  A cyclops (D:8)
  10 deep elf magi (Bailey)
  Joseph (D:8)
  Psyche (D:10)
  A troll (D:9)
  A hornet (D:8)
  A hippogriff (D:9)
  Sigmund (D:5)
  5 yaks (D:10)
  A hungry ghost (D:8)
  2 soldier ants (D:8)
  4 porcupines (D:10)
  A black bear (D:10)
  3 ice beasts
  2 phantoms
  3 orc warriors
  8 ogres
  2 crocodiles (D:10)
  A centaur (D:8)
  3 bullfrogs
  A big kobold (D:7)
  7 howler monkeys
  7 crimson imps
  2 bullfrog zombies
  4 hounds
  3 orc priests
  A jelly (D:9)
  An iguana (D:5)
  Natasha (thrice) (D:2)
  11 orc wizards
  6 worker ants
  2 hound zombies
  2 worker ant zombies
  Robin (D:2)
  10 adders
  16 gnolls
  2 shadow imps
  A worm (D:4)
  2 dart slugs
  7 leopard geckos
  63 orcs
  3 ball pythons
  11 giant cockroaches
  12 goblins
  14 hobgoblins
  5 jackals
  12 kobolds
  4 quokkas
  A ball python skeleton (D:6)
  10 bats
  4 frilled lizards
  A leopard gecko skeleton (D:5)
  10 rats
294 creatures vanquished.

Vanquished Creatures (others)
  2 fungi (D:10)
  5 plants (D:10)
  4 toadstools (D:1)
11 creatures vanquished.

Grand Total: 305 creatures vanquished

Notes
Turn   | Place    | Note
-------+----------+-------------------------------------------
     0 | D:1      | tsouns the Spriggan Assassin began the quest for the Orb.
     0 | D:1      | Reached XP level 1. HP: 10/10 MP: 2/2
   101 | D:1      | Reached skill level 6 in Stealth
   113 | D:1      | Reached XP level 2. HP: 12/14 MP: 3/3
   537 | D:1      | Reached XP level 3. HP: 18/18 MP: 4/4
   809 | D:2      | Noticed Natasha
   835 | D:2      | Killed Natasha
  1061 | D:2      | Noticed Natasha
  1073 | D:2      | Killed Natasha
  1073 | D:2      | Reached skill level 1 in Spellcasting
  1073 | D:2      | Reached XP level 4. HP: 13/22 MP: 6/6
  1216 | D:2      | Found a snail-covered altar of Cheibriados.
  1229 | D:2      | Noticed Natasha
  1243 | D:2      | Killed Natasha
  1243 | D:2      | Reached skill level 7 in Stealth
  1264 | D:2      | Noticed Robin
  1283 | D:2      | Reached XP level 5. HP: 6/25 MP: 8/8
  1546 | D:2      | Learned a level 3 spell: Conjure Flame
  1782 | D:2      | Killed Robin
  2447 | D:3      | Reached XP level 6. HP: 13/30 MP: 10/10
  2667 | D:3      | Reached skill level 1 in Conjurations
  2769 | D:3      | Reached skill level 1 in Fire Magic
  2980 | D:3      | Found a glowing golden altar of the Shining One.
  4522 | D:5      | Entered Level 5 of the Dungeon
  4670 | D:5      | Reached skill level 8 in Stealth
  4695 | D:5      | Noticed an ice beast
  4803 | D:4      | Killed an ice beast
  4803 | D:4      | Reached XP level 7. HP: 14/33 MP: 12/12
  4994 | D:5      | Got a pitted mace
  4995 | D:5      | Identified the +8 mace "Hobucan" {crush, *Drain Dex-5 SInv
                  | Stlth+} (You found it on level 5 of the Dungeon)
  6007 | D:5      | Reached skill level 5 in Short Blades
  6382 | D:5      | Noticed Sigmund
  6433 | D:5      | Killed Sigmund
  6433 | D:5      | Reached XP level 8. HP: 32/37 MP: 15/15
  6641 | D:5      | Reached skill level 9 in Stealth
  6837 | D:6      | Reached skill level 5 in Throwing
  8053 | D:6      | Reached skill level 10 in Stealth
  8588 | D:7      | Learned a level 4 spell: Sticky Flame
  8816 | D:7      | Reached XP level 9. HP: 17/43 MP: 16/16
  9199 | D:7      | Learned a level 2 spell: Poisonous Vapours
  9311 | D:7      | Found a staircase to the Ecumenical Temple.
  9351 | Temple   | Entered the Ecumenical Temple
  9586 | Temple   | Became a worshipper of Gozag Ym Sagoz the Greedy
 10009 | D:8      | Reached skill level 11 in Stealth
 10016 | D:8      | Noticed a two-headed ogre
 10016 | D:8      | Noticed a cyclops
 10050 | D:8      | Killed a two-headed ogre
 10171 | D:8      | Killed a cyclops
 10269 | D:8      | Reached skill level 12 in Stealth
 10671 | D:8      | Noticed Joseph
 10700 | D:8      | Killed Joseph
 10700 | D:8      | Reached XP level 10. HP: 51/51 MP: 17/17
 10760 | D:8      | Found an iron altar of Okawaru.
 10765 | D:8      | Found a stormy altar of Qazlal.
 11250 | D:9      | Found a staircase to the Orcish Mines.
 11326 | D:9      | Found a flagged portal.
 11334 | Bailey   | Entered a bailey
 11342 | Bailey   | Noticed a deep elf mage
 11345 | Bailey   | Killed a deep elf mage
 11345 | Bailey   | Reached skill level 5 in Fighting
 11356 | Bailey   | Noticed a deep elf mage
 11357 | Bailey   | Noticed a deep elf mage
 11357 | Bailey   | Noticed a deep elf mage
 11357 | Bailey   | Noticed a deep elf mage
 11357 | Bailey   | Noticed a deep elf mage
 11357 | Bailey   | Noticed a deep elf mage
 11388 | Bailey   | Killed a deep elf mage
 11388 | Bailey   | Reached skill level 13 in Stealth
 11407 | Bailey   | Killed a deep elf mage
 11420 | Bailey   | Killed a deep elf mage
 11428 | Bailey   | Killed a deep elf mage
 11436 | Bailey   | Killed a deep elf mage
 11444 | Bailey   | Killed a deep elf mage
 11444 | Bailey   | Reached skill level 14 in Stealth
 11444 | Bailey   | Reached XP level 11. HP: 29/56 MP: 18/18
 11494 | Bailey   | Noticed a deep elf archer
 11498 | Bailey   | Killed a deep elf archer
 11660 | Bailey   | Noticed a deep elf mage
 11660 | Bailey   | Noticed a deep elf mage
 11660 | Bailey   | Noticed a deep elf mage
 11663 | Bailey   | Killed a deep elf mage
 11663 | Bailey   | Reached skill level 10 in Short Blades
 11664 | Bailey   | Killed a deep elf mage
 11667 | Bailey   | Killed a deep elf mage
 12902 | D:10     | Entered Level 10 of the Dungeon
 12909 | D:10     | Reached skill level 15 in Stealth
 13008 | D:10     | Noticed a two-headed ogre
 13015 | D:10     | Killed a two-headed ogre
 13134 | D:10     | Found a staircase to the Lair.
 13134 | D:10     | Noticed Psyche
 13301 | D:10     | Killed Psyche
 13452 | D:10     | Reached skill level 5 in Spellcasting
 13591 | D:10     | Killed from afar by an orc priest

Levels and vault maps discovered:
D:1:      ldierk_walled_garden_2, layout_loops_ring
D:2:      layout_loops_ring, lemuel_round_altar, first_ration, uniq_robin,
          uniq_natasha
D:3:      minmay_recursive_quarters, layout_basic, nicolae_tso_carved_into_rock
D:4:      layout_loops_corners
D:5:      layout_cave_pods, uniq_sigmund
D:6:      layout_rooms
D:7:      layout_rooms, minmay_temple_entry_drinking_statues,
          corexii_leaking_fountain
D:8:      minmay_chambers_of_fours, layout_gridville, minitemple,
          hangedman_pestilent_swarm, uniq_joseph
D:9:      layout_small_grid, david_orc_2, enter_bailey_2, minmay_fountain_box,
          minivault_22
D:10:     minmay_gate_of_8, layout_loops_ring, minmay_lair_entry_grove,
          uniq_psyche
Temple:   hc_temple_tempest_star

Skill      XL: |  1  2  3  4  5  6  7  8  9 10 11 |
---------------+----------------------------------+-----
Stealth        | 6 7 8 10 12 14 15 | 15.7
Short Blades   | 3 4 5 6 8 9 10 | 10.0
Throwing       | 3 4 6 7 |  7.8
Spellcasting   | 1 2 4 5 |  5.0
Conjurations   | 1 2 |  2.2
Fire Magic     | 1 2 |  2.4
Fighting       | 2 4 6 7 |  7.6
Dodging        | |  1.5

Action                   |  1- 3 |  4- 6 |  7- 9 | 10-12 || total
-------------------------+-------+-------+-------+-------++-------
Melee: Dagger            |    71 |   286 |   456 |   335 ||  1148
Throw: Dart              |     9 |    53 |   101 |    27 ||   190
       Boomerang         |       |    86 |    54 |    28 ||   168
       Stone             |       |     1 |       |       ||     1
       Throwing net      |       |       |     2 |       ||     2
 Cast: Conjure Flame     |       |     2 |     2 |     7 ||    11
       Poisonous Vapours |       |       |     1 |    34 ||    35
       Sticky Flame      |       |       |     1 |     3 ||     4
Evoke: Wand              |       |       |       |     2 ||     2
  Use: Scroll            |       |    13 |     6 |     3 ||    22
       Potion            |       |     3 |     2 |     7 ||    12
 Stab: Sleeping          |    14 |    12 |    12 |    18 ||    56
       Distracted        |       |     2 |     4 |     4 ||    10
       Held in net/web   |       |       |     2 |       ||     2
  Eat: Ration            |       |     1 |     4 |     4 ||     9
Armor: Robe              |    19 |    25 |    29 |    22 ||    95
Dodge: Dodged            |    60 |   164 |   253 |   137 ||   614

Table legend:
 A = Non-vault XP
 B = Vault XP
 C = Vault XP percentage of total XP
 D = Non-vault monster count
 E = Vault monster count
 F = Vault count percentage of total count
                 A         B        C        D         E       F
            +---------+---------+-------+---------+---------+-------
      Total |    6450 |   11847 |  64.7 |     229 |      65 |  22.1
            +---------+---------+-------+---------+---------+-------
        D:1 |      43 |       0 |   0.0 |      24 |       0 |   0.0
        D:2 |     206 |      70 |  25.4 |      24 |      12 |  33.3
        D:3 |     165 |      29 |  14.9 |      24 |      11 |  31.4
        D:4 |     269 |       0 |   0.0 |      10 |       0 |   0.0
        D:5 |     731 |     223 |  23.4 |      30 |       1 |   3.2
        D:6 |     767 |       0 |   0.0 |      31 |       0 |   0.0
        D:7 |     895 |       0 |   0.0 |      24 |       0 |   0.0
        D:8 |     713 |    2849 |  80.0 |      21 |      11 |  34.4
        D:9 |    1418 |     148 |   9.5 |      31 |       7 |  18.4
       D:10 |    1243 |    2256 |  64.5 |      10 |      12 |  54.5
     Bailey |       0 |    6272 | 100.0 |       0 |      11 | 100.0
            +---------+---------+-------+---------+---------+-------
